 Dungeon Crawl Stone Soup version 0.30-a0-122-g2a1322497e (webtiles) character file.

Game seed: 12682053842313819566

548 Newt the Digger (level 7, -6/54 HPs)
             Began as a Demonspawn Gladiator on Sept 16, 2022.
             Was a Follower of Makhleb.
             Mangled by an ice beast (13 damage)
             ... on level 5 of the Dungeon.
             The game lasted 00:06:24 (6409 turns).

Newt the Digger (Demonspawn Gladiator)              Turns: 6409, Time: 00:06:25

Health: -6/54      AC:  6    Str: 16      XL:     7   Next: 7%
Magic:  3/7        EV: 12    Int:  8 (9)  God:    Makhleb [*.....]
Gold:   276        SH:  0    Dex: 15      Spells: 3/6 levels left

rFire   . . .      SeeInvis .    q - staff of earth
rCold   . . .      Faith    +    (no shield)
rNeg    . . .      Spirit   .    b - +0 leather armour
rPois   .          Reflect  .    (helmet restricted)
rElec   .          Harm     +    m - scarf {harm}
rCorr   .          Rampage  .    (no gloves)
Will    +....                    (no boots)
Stlth   ++........               s - amulet of faith
HPRegen 0.18/turn                k - ring of wizardry
MPRegen 0.10/turn                p - ring of willpower

@: no status effects
A: antennae 1, slimy green scales 2, talons 1, subdued magic 1
a: Renounce Religion


You were on level 5 of the Dungeon.
You worshipped Makhleb.
Makhleb was aware of your devotion.
You visited 1 branch of the dungeon, and saw 6 of its levels.

You collected 276 gold pieces.

Inventory:

Hand Weapons
 a - a +0 rapier
Missiles
 l - 2 poisoned darts (quivered)
Armour
 b - a +0 leather armour (worn)
 c - a +0 helmet
 g - a +0 cloak
 m - a scarf of harm (worn)
Magical Staves
 q - a staff of earth (weapon)
Jewellery
 j - a ring of magical power
 k - a ring of wizardry (left hand)
 p - a ring of willpower (right hand)
 s - an amulet of faith (around neck)
Wands
 f - a wand of roots (2)
 u - a wand of flame (11)
Scrolls
 h - a scroll of butterflies
 o - 2 scrolls of teleportation
 r - a scroll of poison
 t - 4 scrolls of immolation
 w - a scroll of blinking
Potions
 i - a potion of might
 n - a potion of flight {unknown}
 v - a potion of ambrosia {unknown}


   Skills:
 - Level 4.0 Fighting
 - Level 2.6 Short Blades
 - Level 1.7 Throwing
 - Level 2.0 Armour
 - Level 2.6 Dodging
 - Level 2.0 Stealth
 + Level 0.3 Spellcasting
 - Level 5.0 Earth Magic


You had 3 spell levels left.
You knew the following spells:

 Your Spells              Type           Power      Damage    Failure   Level
a - Sandblast             Erth           18%        2d7       2%          1
b - Passwall              Tmut/Erth      3%         N/A       10%         2

Your spell library contained the following spells:

 Spells                   Type           Power      Damage    Failure   Level
 Stone Arrow              Conj/Erth      8%         3d7       21%         3
 Cigotuvi's Dreadful Rot  Necr/Pois/Air  0%         N/A       28%         2
 Poisonous Vapours        Pois/Air       0%         N/A       28%         2
 Sublimation of Blood     Necr           0%         N/A       28%         2
 Petrify                  Tmut/Erth      4%         N/A       52%         4
 Irradiate                Conj/Tmut      0%         3d11      99%         5


Dungeon Overview and Level Annotations

Branches:
Dungeon (6/15)
 Temple: D:4-7

Altars:
Dithmenos
Fedhas
Hepliaklqana
Makhleb
Trog
Uskayaw


Innate Abilities, Weirdness & Mutations

You have a pair of small antennae on your head.
You are mostly covered in slimy green scales. (AC +3)
You have sharp toenails.
Your spells are a little easier to cast, but a little less powerful.


Message History

* * * LOW HITPOINT WARNING * * *
The ice beast misses you.
Casting: Sandblast (safe; 2% risk of failure)
Confirm with . or Enter, or press ? or * to list all spells.
Aiming: Sandblast (safe; 2% risk of failure)
Press: ? - help, Shift-Dir - straight line, f/p - ice beast
Aim: an ice beast (black smoke, heavily wounded, 81% to hit)
You feel a surge of power!
The blast of sand hits the ice beast but does no damage.
The ice beast is heavily wounded.
The ice beast closely misses you.
Casting: Sandblast (safe; 2% risk of failure)
Confirm with . or Enter, or press ? or * to list all spells.
Aiming: Sandblast (safe; 2% risk of failure)
Press: ? - help, Shift-Dir - straight line, f/p - ice beast
Aim: an ice beast (heavily wounded, 81% to hit)
You feel a surge of power!
The blast of sand hits the ice beast but does no damage.
The ice beast is heavily wounded.
The ice beast closely misses you. The ice beast hits you.
* * * LOW HITPOINT WARNING * * *
The ice beast freezes you!
* * * LOW HITPOINT WARNING * * *
Throw: throwing net
Press: ? - help, Q - select action, (/) - cycle Shift-Dir - straight line, f/p - ice beast
Aim: an ice beast (heavily wounded, 60% to hit)
You throw a throwing net.
The throwing net barely misses the ice beast.
The ice beast completely misses you.
You feel better. The ice beast barely misses you.
Throw: javelin
Press: ? - help, Q - select action, (/) - cycle Shift-Dir - straight line, f/p - ice beast
Aim: an ice beast (heavily wounded, 60% to hit)
You throw a javelin.
The javelin pierces through the ice beast.
The ice beast is heavily wounded.
The ice beast hits you.
* * * LOW HITPOINT WARNING * * *
The ice beast freezes you!
You die...

... ###..#.. #.# .#
#......< #.# #.# ........
#.# #.### ##.###.#..
#####.###...####..###...#
#........##.#......###...
#........#...............
#........#.........##....
#(.....Y@.......#####..##
#.....#§#.##.##<###..†...
#....#§§Y##.........#....
#...#.#.#§#§........#....
#....§._§§..........#....
#...#§#.#.#..............
#....#.§§##..............
###.###§######..#........
#..##§§.........###.###


You could see an ice beast.

Vanquished Creatures
  2 phantoms (D:5)
  A scorpion (D:4)
  2 hounds
  A jelly (D:5)
  Jessica (D:3)
  Ijyb (D:3)
  Natasha (D:2)
  2 iguanas
  Terence (D:3)
  4 adders
  4 worms (D:2)
  3 dart slugs (D:1)
  An orc (D:3)
  4 ball pythons
  An endoplasm (D:2)
  3 giant cockroaches
  4 goblins
  6 hobgoblins
  6 quokkas
  2 bats
  2 frilled lizards
  5 kobolds
  10 rats
67 creatures vanquished.

Vanquished Creatures (others)
  2 plants (D:4)
2 creatures vanquished.

Grand Total: 69 creatures vanquished

Notes
Turn   | Place    | Note
-------+----------+-------------------------------------------
     0 | D:1      | Newt the Demonspawn Gladiator began the quest for the Orb.
     0 | D:1      | Reached XP level 1. HP: 16/16 MP: 1/1
    61 | D:1      | Reached skill level 1 in Stealth
   500 | D:1      | Gained mutation: You are partially covered in slimy green
                  | scales. (AC +2) [demonic ancestry]
   500 | D:1      | Reached XP level 2. HP: 22/22 MP: 2/2
  1352 | D:2      | Reached XP level 3. HP: 21/28 MP: 3/3
  1863 | D:2      | Noticed Natasha
  1879 | D:2      | Killed Natasha
  1880 | D:2      | Gained mutation: You are mostly covered in slimy green
                  | scales. (AC +3) [demonic ancestry]
  1880 | D:2      | Reached XP level 4. HP: 23/37 MP: 4/4
  2171 | D:2      | Found a bloodstained altar of Trog.
  2768 | D:2      | Learned a level 1 spell: Sandblast
  2861 | D:3      | Found a faded altar of an unknown god.
  2864 | D:3      | Prayed at the altar of an unknown god.
  2864 | D:3      | Became a worshipper of Makhleb the Destroyer
  2864 | D:3      | Reached * piety under Makhleb
  3039 | D:3      | Noticed Jessica
  3052 | D:3      | Killed Jessica
  3053 | D:3      | Reached skill level 1 in Armour
  3260 | D:3      | Noticed Ijyb
  3270 | D:3      | Gained mutation: You have a pair of small horns on your
                  | head. [potion of mutation]
  3270 | D:3      | Gained mutation: Your spells are a little easier to cast,
                  | but a little less powerful. [potion of mutation]
  3270 | D:3      | Gained mutation: You have sharp toenails. [potion of
                  | mutation]
  3281 | D:3      | Killed Ijyb
  3282 | D:3      | Reached XP level 5. HP: 13/42 MP: 3/5
  3664 | D:3      | Found a blossoming altar of Fedhas.
  3887 | D:3      | Reached skill level 1 in Earth Magic
  3990 | D:3      | Noticed Terence
  4016 | D:3      | Killed Terence
  4351 | D:4      | Reached skill level 2 in Earth Magic
  4939 | D:4      | Learned a level 2 spell: Passwall
  4950 | D:4      | Found a hazy altar of Hepliaklqana.
  5093 | D:4      | Reached skill level 3 in Earth Magic
  5093 | D:4      | Reached XP level 6. HP: 40/48 MP: 2/6
  5479 | D:5      | Entered Level 5 of the Dungeon
  5480 | D:5      | Found a shadowy altar of Dithmenos.
  5500 | D:5      | Reached ** piety under Makhleb
  5501 | D:5      | Reached skill level 4 in Earth Magic
  5593 | D:5      | Found a hide-covered altar of Uskayaw.
  5660 | D:5      | Lost mutation: You have a pair of small horns on your head.
                  | [demonic ancestry]
  5660 | D:5      | Gained mutation: You have a pair of small antennae on your
                  | head. [demonic ancestry]
  5660 | D:5      | Reached XP level 7. HP: 24/54 MP: 4/7
  6096 | D:5      | Reached skill level 5 in Earth Magic
  6409 | D:5      | Mangled by an ice beast

Illustrated notes

Levels and vault maps discovered:
D:1:      lordsloth_arrival_two_stooges, layout_basic, minmay_pentomino_x4
D:2:      layout_basic, basic_altar, uniq_natasha
D:3:      layout_basic, old_standard_altar, nicolae_ecumenical_oubliette,
          nicolae_hexahallways, uniq_jessica, uniq_ijyb, uniq_terence
D:4:      layout_rooms, worldfamousw_hep_ancestral_shrine,
          nicolae_elyvilon_temple_path, portal_sewer_entry_a,
          corexii_corridor_pit
D:5:      layout_rooms, grunt_dithmenos_smoke_and_mirrors,
          nicolae_uskayaw_murder_on_the_dancefloor
D:6:      layout_basic, grunt_temple_overflow_open, minmay_temple_entry_tees

Skill      XL: |  1  2  3  4  5  6  7 |
---------------+----------------------+-----
Stealth        | 1 2 |  2.0
Fighting       | 3 4 |  4.0
Armour         | 2 |  2.0
Earth Magic    | 3 4 5 |  5.0
Short Blades   | |  2.6
Throwing       | |  1.7
Dodging        | |  2.6
Spellcasting   | |  0.3

Action                   |  1- 3 |  4- 6 |  7- 9 || total
-------------------------+-------+-------+-------++-------
Melee: Rapier            |   134 |    10 |       ||   144
       Punch             |     2 |     1 |       ||     3
       Staff             |       |   193 |     8 ||   201
       Kick              |       |    31 |     3 ||    34
       Headbutt          |       |    14 |       ||    14
Throw: Throwing net      |       |     6 |     2 ||     8
       Javelin           |       |       |     1 ||     1
 Cast: Sandblast         |       |    23 |     6 ||    29
       Passwall          |       |     1 |       ||     1
Evoke: Wand              |       |     1 |       ||     1
  Use: Scroll            |     2 |     6 |       ||     8
       Potion            |       |     7 |     1 ||     8
 Stab: Sleeping          |     1 |     4 |     1 ||     6
       Held in net/web   |       |     1 |       ||     1
Armor: Leather armour    |    38 |    78 |     4 ||   120
Dodge: Dodged            |    85 |   159 |    10 ||   254

Table legend: (Time is in decaauts)
 A = Elapsed time spent in this place.
 B = Non-inter-level travel time spent in this place.
 C = Inter-level travel time spent in this place.
 D = Time resting spent in this place.
 E = Time spent auto-exploring this place.
 F = Levels seen in this place.
 G = Mean time per level.
                   A        B        C        D        E       F      G
               +--------+--------+--------+--------+--------+-----+--------+
         Total |   6456 |   6308 |    148 |   1744 |   3710 |   6 | 1076.0 |
       Dungeon |   6456 |   6308 |    148 |   1744 |   3710 |   6 | 1076.0 |
               +--------+--------+--------+--------+--------+-----+--------+

Top non-repeatable levels by time:
     D:3: 1750 daAuts
     D:2: 1574 daAuts
     D:1: 1342 daAuts
     D:4: 843 daAuts
     D:5: 671 daAuts
     D:6: 273 daAuts
